 Dungeon Crawl Stone Soup version 0.29.1-1-gd02db69 (webtiles) character file.

Game seed: 3993702148599553421

2664 Timinator the Nimble (level 9, -3/100 (111) HPs)
             Began as a Gnoll Monk on Jan 14, 2023.
             Was a Believer of Nemelex Xobeh.
             Killed by divine providence
             ... invoked by an orc priest
              (15 damage)
             ... on level 6 of the Dungeon.
             The game lasted 00:18:29 (8016 turns).

Timinator the Nimble (Gnoll Monk)                   Turns: 8016, Time: 00:18:29

HP:   -3/100 (111)  AC:  9    Str: 10    XL:     9   Next: 63%
MP:   15/15         EV: 16    Int:  9    God:    Nemelex Xobeh [**....]
Gold: 293           SH:  0    Dex: 20    Spells: 17/17 levels left

rFire   . . .      SeeInvis .   d - +0 rapier (freeze)
rCold   . . .      Faith    .   (no shield)
rNeg    . . .      Spirit   .   F - +0 acid dragon scales
rPois   +          Reflect  .   h - +0 helmet
rElec   .          Harm     .   v - +0 cloak {rPois}
rCorr   +          Rampage  .   (no gloves)
Will    .....                   (no boots)
Stlth   ..........              (no amulet)
HPRegen 0.26/turn               C - ring of poison resistance
MPRegen 0.14/turn               (no ring)

@: berserking, drained, very quick
A: fangs 1, strong nose, distributed training
a: Renounce Religion, Draw Escape, Draw Destruction, Draw Summoning


You were on level 6 of the Dungeon.
You worshipped Nemelex Xobeh.
Nemelex Xobeh was pleased with you.
You visited 2 branches of the dungeon, and saw 7 of its levels.

You collected 293 gold pieces.

Inventory:

Hand Weapons
 d - a +0 rapier of freezing (weapon)
 u - a +4 vorpal dire flail
Missiles
 m - 7 poisoned darts (quivered)
 B - 2 curare-tipped darts
Armour
 h - a +0 helmet (worn)
 o - a +0 leather armour of fire resistance
 v - a +0 cloak of poison resistance (worn)
 D - a +0 ring mail
 F - +0 acid dragon scales (worn)
Jewellery
 C - a ring of poison resistance (left hand)
Wands
 b - a wand of flame (18)
 n - a wand of paralysis (6)
 t - a wand of polymorph (14)
Scrolls
 e - a scroll of torment {unknown}
 j - a scroll of vulnerability
 k - 4 scrolls of teleportation {unknown}
 p - 2 scrolls of magic mapping {unknown}
 q - 4 scrolls of enchant weapon {unknown}
 r - a scroll of fear {unknown}
 s - a scroll of acquirement {unknown}
 x - 2 scrolls of butterflies {unknown}
 y - 2 scrolls of identify
Potions
 a - a potion of cancellation
 c - a potion of brilliance
 f - a potion of flight {unknown}
 g - a potion of mutation
 i - 2 potions of curing
 w - a potion of invisibility {unknown}
 z - a potion of ambrosia
 G - a potion of haste {unknown}


   Skills:
 + Level 8.1 Fighting
 + Level 8.1 Short Blades
 + Level 4.6 Long Blades
 + Level 4.6 Axes
 + Level 4.6 Maces & Flails
 + Level 4.6 Polearms
 + Level 4.6 Staves
 + Level 4.6 Ranged Weapons
 + Level 4.6 Throwing
 + Level 4.6 Armour
 + Level 8.1 Dodging
 + Level 6.3 Stealth
 + Level 4.6 Shields
 + Level 4.6 Unarmed Combat
 + Level 4.6 Spellcasting
 + Level 3.8 Conjurations
 + Level 3.8 Hexes
 + Level 3.8 Summonings
 + Level 3.8 Necromancy
 + Level 3.8 Translocations
 + Level 3.8 Transmutations
 + Level 3.8 Fire Magic
 + Level 3.8 Ice Magic
 + Level 3.8 Air Magic
 + Level 3.8 Earth Magic
 + Level 3.8 Poison Magic
 + Level 5.1 Invocations
 + Level 4.6 Evocations


You had 17 spell levels left.
You didn't know any spells.
Your spell library contained the following spells:

 Spells                   Type           Power      Damage    Failure   Level
 Apportation              Tloc           16%        N/A       9%          1
 Magic Dart               Conj           32%        1d4       9%          1
 Necrotise                Necr           32%        1d5       9%          1
 Sandblast                Erth           16%        2d6       9%          1
 Summon Small Mammal      Summ           32%        N/A       9%          1
 Call Imp                 Summ           8%         N/A       13%         2
 Passwall                 Tmut/Erth      6%         N/A       13%         2
 Mephitic Cloud           Conj/Pois/Air  8%         N/A       26%         3
 Stone Arrow              Conj/Erth      16%        3d8       26%         3


Dungeon Overview and Level Annotations

Branches:
Dungeon (6/15)             Temple (1/1) D:5

Altars:
Ashenzari
Cheibriados
Dithmenos
Elyvilon
Fedhas
Gozag
Hepliaklqana
Kikubaaqudgha
Nemelex Xobeh
Sif Muna
Vehumet
Wu Jian
Xom

Annotations:
D:6 Sigmund


Innate Abilities, Weirdness & Mutations

You have very sharp teeth.
Your uncanny sense of smell can sniff out nearby items.
Your experience applies equally to all skills.


Message History

* * * LOW HITPOINT WARNING * * *
Items here: ) [ ††.
Okay, then.
You feel better.
The crimson imp blinks!
You hear a zap.
The roots erupt in riotous growth!
The grasping roots grab you!
You are constricted.
* * * LOW HITPOINT WARNING * * *
You escape the roots grasp.
Something hits you but does no damage.
You feel drained.
You barely miss something. Something hits you but does no damage.
You feel drained.
You hear a zap.
The roots erupt in riotous growth!
The grasping roots grab you!
You are constricted.
* * * LOW HITPOINT WARNING * * *
A red film seems to cover your vision as you go berserk!
You feel yourself moving faster!
You feel mighty!
You are constricted.
* * * LOW HITPOINT WARNING * * *
You hear some strange, mumbled words.
A puff of flame appears from out of thin air!
The puff of flame misses you.
You barely miss something. You puncture something! You freeze something.
Reactivating autopickup.
You feel a bit more experienced. Something hits you but does no damage.
Deactivating autopickup; reactivate with Ctrl-A.
You are constricted.
You escape the roots grasp.
Things that are here:
a +2 dagger of draining; a +0 robe You puncture something!
You freeze something. Something hits you.
* * * LOW HITPOINT WARNING * * *
You miss something.
The orc priest mumbles some strange prayers to Beogh against you.
Beogh smites you!
You die...
Your body glows slightly and disappears.

#...####................
##....#.................
###.....##.....#........#.
#.##...........#.......###
##....5....................
##.....§§.......##..........
#.......§.#####..#.#........
#!.....o○#####.....#..###...
##.....5)K{@.#...##.........
#......###○...○.○#.....#....
........## ##.)....#.##.###...
###...<)# #○.##○.○.☼##.##....
#....).#....##..○)°#..#.....
#..o...)#.........☼.##.......
...5...#...........######.....
.#..#..##....###.....(.#.....#
#....) ##..................##


You could see an orc priest, a crimson imp and a kobold.

Vanquished Creatures
  Pikel (D:6)
  Maggie (D:6)
  A wraith (D:6)
  Edmund (D:4)
  An ice beast (D:5)
  3 ogres (D:5)
  A centaur (D:5)
  A phantom (D:5)
  4 necrophages (D:5)
  A gnoll sergeant (D:5)
  4 scorpions
  A howler monkey (D:6)
  2 orc priests
  2 hounds
  Crazy Yiuf (D:4)
  Terence (D:3)
  Ijyb (D:4)
  2 iguanas (D:5)
  4 orc wizards
  Robin (D:1)
  7 adders
  4 gnolls
  A white imp (D:5)
  2 ufetubi
  A worm (D:6)
  5 dart slugs
  12 orcs
  7 ball pythons
  3 bats
  7 endoplasms
  3 giant cockroaches
  15 goblins
  7 hobgoblins
  5 jackals
  3 kobolds (D:1)
  A quokka (D:1)
  3 frilled lizards (D:1)
  8 rats
128 creatures vanquished.

Notes
Turn   | Place    | Note
-------+----------+-------------------------------------------
     0 | D:1      | Timinator the Gnoll Monk began the quest for the Orb.
     0 | D:1      | Reached XP level 1. HP: 23/23 MP: 1/1
    64 | D:1      | Reached XP level 2. HP: 29/29 MP: 2/2
   478 | D:1      | Reached XP level 3. HP: 35/35 MP: 3/3
   639 | D:1      | Found a faded altar of an unknown god.
   852 | D:1      | Reached skill level 1 in Invocations
  1144 | D:2      | Noticed Robin
  1168 | D:1      | Killed Robin
  1169 | D:1      | Reached skill level 1 in Long Blades
  1169 | D:1      | Reached skill level 1 in Axes
  1169 | D:1      | Reached skill level 1 in Maces & Flails
  1169 | D:1      | Reached skill level 1 in Polearms
  1169 | D:1      | Reached skill level 1 in Staves
  1169 | D:1      | Reached skill level 1 in Ranged Weapons
  1169 | D:1      | Reached skill level 1 in Throwing
  1169 | D:1      | Reached skill level 1 in Armour
  1169 | D:1      | Reached skill level 1 in Shields
  1169 | D:1      | Reached skill level 1 in Unarmed Combat
  1169 | D:1      | Reached skill level 1 in Spellcasting
  1169 | D:1      | Reached skill level 1 in Evocations
  1392 | D:2      | Reached XP level 4. HP: 30/41 MP: 5/5
  1613 | D:2      | You fall into a shaft and drop 1 floor!
  1695 | D:3      | Noticed Terence
  2744 | D:3      | Reached skill level 1 in Conjurations
  2744 | D:3      | Reached skill level 1 in Hexes
  2744 | D:3      | Reached skill level 1 in Summonings
  2744 | D:3      | Reached skill level 1 in Necromancy
  2744 | D:3      | Reached skill level 1 in Translocations
  2744 | D:3      | Reached skill level 1 in Transmutations
  2744 | D:3      | Reached skill level 1 in Fire Magic
  2744 | D:3      | Reached skill level 1 in Ice Magic
  2744 | D:3      | Reached skill level 1 in Air Magic
  2744 | D:3      | Reached skill level 1 in Earth Magic
  2744 | D:3      | Reached skill level 1 in Poison Magic
  3010 | D:3      | Reached XP level 5. HP: 45/47 MP: 5/7
  3551 | D:3      | Killed Terence
  3668 | D:3      | Reached XP level 6. HP: 49/53 MP: 8/8
  4328 | D:4      | Noticed Ijyb
  4338 | D:4      | Killed Ijyb
  4607 | D:4      | Noticed Edmund
  4614 | D:4      | Killed Edmund
  4615 | D:4      | Reached XP level 7. HP: 60/60 MP: 10/10
  4682 | D:4      | Found a runed translucent door.
  4683 | D:4      | Noticed Crazy Yiuf
  4690 | D:4      | Killed Crazy Yiuf
  5040 | D:5      | Entered Level 5 of the Dungeon
  5067 | D:4      | Reached skill level 5 in Stealth
  5714 | D:5      | Reached XP level 8. HP: 13/67 MP: 12/12
  7183 | D:5      | Reached XP level 9. HP: 53/73 MP: 14/14
  7384 | D:5      | Found a staircase to the Ecumenical Temple.
  7428 | Temple   | Entered the Ecumenical Temple
  7520 | Temple   | Became a worshipper of Nemelex Xobeh the Trickster
  7520 | Temple   | Reached * piety under Nemelex Xobeh
  7520 | Temple   | Received a gift from Nemelex Xobeh
  7520 | Temple   | Reached ** piety under Nemelex Xobeh
  7685 | D:6      | Noticed Maggie
  7688 | D:6      | Killed Maggie
  7957 | D:6      | Noticed Eustachio
  7958 | D:6      | Noticed Eustachio
  7958 | D:6      | Eustachio changed into Eustachio the worm
  7958 | D:6      | Noticed Pikel
  7976 | D:6      | Killed Eustachio the worm
  7981 | D:6      | Killed Pikel
  7982 | D:6      | Reached skill level 5 in Invocations
  7985 | D:6      | Noticed Sigmund
  8016 | D:6      | Killed from afar by an orc priest

Illustrated notes

Levels and vault maps discovered:
D:1:      minmay_arrival_nine_rooms, layout_basic, basic_ecumenical_altar,
          minmay_misc_feat_room
D:2:      layout_loops_ring, minivault_5, dk_noncrumbling_4,
          chequers_serial_rivers_micro_e, uniq_robin
D:3:      minmay_razor_zed, layout_basic, minmay_ruptured, uniq_terence
D:4:      layout_basic, minmay_fountain_box, uniq_edmund, uniq_ijyb,
          uniq_crazy_yiuf_cottage
D:5:      layout_basic, minmay_temple_entry_poolview, minmay_fractal_squares_5
D:6:      layout_cave_pools, serial_glass, glass_columns_c, glass_columns_a,
          glass_columns_b, grunt_ministairs_13, uniq_pikel, uniq_sigmund,
          uniq_maggie, uniq_eustachio
Temple:   nicolae_temple_figure_eight

Skill      XL: |  1  2  3  4  5  6  7  8  9 |
---------------+----------------------------+-----
Invocations    | 1 2 3 4 5 |  5.1
Long Blades    | 1 2 3 4 |  4.6
Axes           | 1 2 3 4 |  4.6
Maces & Flails | 1 2 3 4 |  4.6
Polearms       | 1 2 3 4 |  4.6
Staves         | 1 2 3 4 |  4.6
Ranged Weapons | 1 2 3 4 |  4.6
Throwing       | 1 2 3 4 |  4.6
Armour         | 1 2 3 4 |  4.6
Shields        | 1 2 3 4 |  4.6
Unarmed Combat | 1 2 3 4 |  4.6
Spellcasting   | 1 2 3 4 |  4.6
Evocations     | 1 2 3 4 |  4.6
Conjurations   | 1 2 3 |  3.8
Hexes          | 1 2 3 |  3.8
Summonings     | 1 2 3 |  3.8
Necromancy     | 1 2 3 |  3.8
Translocations | 1 2 3 |  3.8
Transmutations | 1 2 3 |  3.8
Fire Magic     | 1 2 3 |  3.8
Ice Magic      | 1 2 3 |  3.8
Air Magic      | 1 2 3 |  3.8
Earth Magic    | 1 2 3 |  3.8
Poison Magic   | 1 2 3 |  3.8
Fighting       | 7 8 |  8.1
Short Blades   | 7 8 |  8.1
Dodging        | 7 8 |  8.1
Stealth        | 5 6 |  6.3

Action                   |  1- 3 |  4- 6 |  7- 9 || total
-------------------------+-------+-------+-------++-------
Melee: Short sword       |   132 |    64 |       ||   196
       Bite              |     8 |    21 |    34 ||    63
       Punch             |     3 |     3 |     7 ||    13
       Rapier            |       |   119 |   284 ||   403
Throw: Dart              |       |       |     6 ||     6
Invok: Draw Destruction  |       |       |     1 ||     1
Evoke: Wand              |       |     3 |     3 ||     6
  Use: Potion            |     1 |     3 |     6 ||    10
       Scroll            |       |     2 |     8 ||    10
 Stab: Sleeping          |     4 |     8 |     2 ||    14
       Paralysed         |       |     1 |     2 ||     3
Armor: Robe              |    37 |     5 |       ||    42
       Leather armour    |       |    21 |    51 ||    72
       Acid dragon scale |       |       |    18 ||    18
Dodge: Dodged            |   149 |    99 |   231 ||   479
